 Dungeon Crawl Stone Soup version 0.30.1-11-g7821555f0a (webtiles) character file.

Game seed: 8382213720373950501

21377 Scypho the Basher (level 12, -2/106 HPs)
             Began as a Minotaur Fighter on Dec 2, 2023.
             Was an Elder of Makhleb.
             Slain by a minotaur
             ... wielding the staff of death "Feocs" {rF+ rC+ rN+ Int+2}
              (18 damage)
             ... in a Gauntlet.
             The game lasted 00:42:30 (12265 turns).

Scypho the Basher (Minotaur Fighter)               Turns: 12265, Time: 00:42:30

Health: -2/106     AC: 21    Str: 21    XL:     12   Next: 53%
Magic:  17/17      EV: 12    Int:  7    God:    Makhleb [****..]
Gold:   1245       SH:  7    Dex: 13    Spells: 11/11 levels left

rFire   . . .        u - +3 flail (freeze)
rCold   . . .        c - +1 buckler
rNeg    . . .        f - +0 chain mail
rPois   .            P - +2 hat
rElec   .            (no cloak)
rCorr   .            (no gloves)
SInv    +            b - +2 pair of boots
Will    .....        (no amulet) Stlth
                     h - ring of see invisible
HPRegen 0.37/turn    F - +4 ring of protection
MPRegen 0.15/turn

%: no teleportation
@: invisible
A: horns 2, retaliatory headbutt
a: Renounce Religion, Minor Destruction, Lesser Servant of Makhleb, Major
Destruction


You were in a Gauntlet.
You worshipped Makhleb.
Makhleb was greatly pleased with you.
You visited 3 branches of the dungeon, and saw 13 of its levels.
You also visited: Gauntlet.

You collected 1317 gold pieces.
You spent 72 gold pieces at shops.

Inventory:

Hand Weapons
 u - a +3 flail of freezing (weapon)
 v - a +4 whip
Armour
 b - a +2 pair of boots (worn)
 c - a +1 buckler (worn)
 f - a +0 chain mail (worn)
 g - a +0 plate armour
 i - the +1 scale mail of Cynicism {Rampage rN+ Will+}
   (You found it on level 2 of the Lair of Beasts)

   rN:        It protects you from negative energy.
   Rampage:   It bestows one free step when moving towards enemies.
   Will:      It increases your willpower.
 m - +0 acid dragon scales
 P - a +2 hat (worn)
Jewellery
 h - a ring of see invisible (left hand)
 n - a ring of willpower
 q - a ring of fire
 F - a +4 ring of protection (right hand)
 H - a ring of protection from cold
Wands
 E - a wand of polymorph (11)
 G - a wand of flame (7)
 J - a wand of roots (5)
Scrolls
 a - a scroll of enchant armour
 j - a scroll of brand weapon
 p - 2 scrolls of blinking {unknown}
 t - 6 scrolls of teleportation
 w - 2 scrolls of magic mapping
 x - a scroll of enchant weapon
 A - 2 scrolls of poison {unknown}
 B - a scroll of amnesia {unknown}
 C - a scroll of vulnerability {unknown}
 I - a scroll of torment {unknown}
 M - a scroll of fear {unknown}
Potions
 d - 3 potions of might
 e - 4 potions of haste
 k - a potion of mutation
 l - 7 potions of curing
 o - 5 potions of flight
 r - a potion of resistance
 z - 4 potions of cancellation
 K - a potion of lignification {unknown}
 L - a potion of degeneration {unknown}


   Skills:
 - Level 10.0 Fighting
 - Level 14.0 Maces & Flails
 - Level 10.0 Armour
 - Level 9.3 Dodging
 - Level 10.0 Shields
 + Level 8.0 Invocations


You had 11 spell levels left.
You didn't know any spells.
Your spell library contained the following spells:

 Spells                   Type           Power      Damage    Failure   Level
 Apportation              Tloc           0%         N/A       95%         1
 Kiss of Death            Conj/Necr      0%         2d5       95%         1
 Magic Dart               Conj           0%         1d3       95%         1
 Necrotise                Necr           0%         1d4       95%         1
 Sandblast                Erth           0%         2d4       95%         1
 Cigotuvi's Dreadful Rot  Necr/Pois/Air  0%         N/A       99%         2
 Passwall                 Tmut/Erth      0%         N/A       99%         2
 Searing Ray              Conj           0%         2d4       99%         2
 Confusing Touch          Hex            0%         N/A       100%        3
 Dazzling Flash           Conj/Hex       0%         N/A       100%        3
 Stone Arrow              Conj/Erth      0%         3d7       100%        3
 Vampiric Draining        Necr           0%         2d6       100%        3
 Dispel Undead            Necr           0%         3d6       100%        4
 Fulminant Prism          Conj/Hex       0%         3d5       100%        4
 Summon Ice Beast         Ice/Summ       0%         N/A       100%        4
 Agony                    Necr           0%         N/A       100%        5
 Alistair's Intoxication  Tmut/Pois      0%         N/A       100%        5
 Silence                  Hex/Air        0%         N/A       100%        5
 Summon Mana Viper        Hex/Summ       0%         N/A       100%        5
 Death Channel            Necr           0%         N/A       100%        6
 Monstrous Menagerie      Summ           0%         N/A       100%        7


Dungeon Overview and Level Annotations

Branches:
Dungeon (10/15)            Temple (1/1) D:6            Lair (2/5) D:8
Gauntlet (1/1)
  Swamp: Lair:2-3    Shoals: Lair:2-3     Snake: Lair:2-3    Spider: Lair:2-3
    Orc: D:9-12

Altars:
Ashenzari
Cheibriados
Dithmenos
Elyvilon
Fedhas
Hepliaklqana
Makhleb
Nemelex Xobeh
Okawaru
Qazlal
Ru
Sif Muna
Trog
Uskayaw
Vehumet
Wu Jian
Xom
Yredelemnul
The Shining One

Shops:
D:7 *

Annotations:
D:7 1 runed translucent door, Crazy Yiuf
D:10 2 transporters, Laveh's ghost, novice MiFi Gauntlet 6 transporters, 4 runed translucent doors, exclusion: orange crystal statue


Innate Abilities, Weirdness & Mutations

You have a pair of horns on your head.
You reflexively headbutt those who attack you in melee.


Message History

You headbutt the minotaur, but do no damage.
Your orange demon stings the minotaur but does no damage.
Your orange demon hits the minotaur but does no damage.
The minotaur hits your orange demon with the staff of death "Feocs" {rF+ rC+ rN+ Int+2}!!
Your orange demon dies!
Your orange demon disappears in a puff of smoke!
The minotaur bellows!
You hit the minotaur. You freeze the minotaur. You hit the minotaur.
You freeze the minotaur. Your headbutt misses the minotaur.
The minotaur hits you but does no damage.
You writhe in agony.
You block the minotaur's attack.
You hit the minotaur. You freeze the minotaur.
The minotaur hits you but does no damage.
You writhe in agony.
The minotaur gores you.
You hit the minotaur but do no damage. Your headbutt misses the minotaur.
You hit the minotaur but do no damage.
The minotaur hits you with the staff of death "Feocs" {rF+ rC+ rN+ Int+2}!
You writhe in agony!
The minotaur gores you.
You barely miss the minotaur.
The minotaur hits you with the staff of death "Feocs" {rF+ rC+ rN+ Int+2}!
You writhe in agony.
* * * LOW HITPOINT WARNING * * *
The minotaur gores you.
* * * LOW HITPOINT WARNING * * *
You hit the minotaur but do no damage. The minotaur closely misses you.
You furiously retaliate!
You headbutt the minotaur. The minotaur gores you.
* * * LOW HITPOINT WARNING * * *
You hit the minotaur. You freeze the minotaur.
You hit the minotaur but do no damage.
The minotaur hits you with the staff of death "Feocs" {rF+ rC+ rN+ Int+2}!
* * * LOW HITPOINT WARNING * * *
You writhe in agony!
* * * LOW HITPOINT WARNING * * *
The minotaur gores you but does no damage.
You fade into invisibility!
The minotaur barely misses you. The minotaur closely misses you.
You hit the minotaur but do no damage. Your headbutt misses the minotaur.
The minotaur hits you with the staff of death "Feocs" {rF+ rC+ rN+ Int+2}!!
You die...

#..#.#.≈##...#..
#©#.©#.###.⌠.#.###
..#=.#..##...#.#..
...###...#.⌠.#.#.#
##...#.∩.#...#.#.#####
######...#.©.#.#.#8.8
.#.....⌠.#.....#...
######...#.©.#.#H#
.....#.∩.#...#..@#
.###!#...#.⌠.#.#.#
##..=#..##...#.#...
.©..©#.# #.⌠.#.#####
##..=#.≈ #...#.. .#
#.#. #.⌠.### . #...# #
# ##### ..


You could see a minotaur (unable to see you).

Vanquished Creatures
  A two-headed ogre (D:10)
  A death yak (Lair:1)
  Pikel (D:9)
  A shining eye (Gauntlet)
  A manticore (D:6)
  A torpor snail (Lair:1)
  2 gargoyles
  A black mamba (Lair:1)
  A cane toad (Lair:2)
  A rime drake (Lair:2)
  A troll (D:6)
  2 hornets
  2 polar bears
  9 flying skulls (Gauntlet)
  Sigmund (D:4)
  A spriggan (D:10)
  2 wraiths
  36 yaks
  3 basilisks
  2 large abominations (Gauntlet)
  5 wyverns
  4 small abominations (Gauntlet)
  A steam dragon (D:6)
  A vampire mosquito (D:6)
  An acid dragon (D:9)
  A floating eye (Gauntlet)
  6 water moccasins
  7 orc warriors
  4 ice beasts
  A sky beast (D:7)
  2 black bears
  2 ogres
  4 centaurs
  A phantom (D:5)
  5 kobold brigands
  2 bullfrogs
  3 scorpions
  5 gnoll sergeants
  4 wights (D:9)
  11 killer bees
  3 howler monkeys
  3 orc priests
  6 hounds
  2 gnoll boudas (D:5)
  3 sleepcaps
  2 iguanas (D:6)
  21 orc wizards
  29 gnolls
  8 adders
  An ufetubus (D:7)
  A worm (D:5)
  69 orcs
  6 ball pythons
  13 endoplasms
  3 giant cockroaches
  7 goblins
  8 hobgoblins
  6 quokkas
  7 bats
  4 frilled lizards
  42 kobolds
  5 rats
389 creatures vanquished.

Vanquished Creatures (collateral kills)
  3 flying skulls (Gauntlet)
3 creatures vanquished.

Grand Total: 392 creatures vanquished

Notes
Turn   | Place    | Note
-------+----------+-------------------------------------------
     0 | D:1      | Scypho the Minotaur Fighter began the quest for the Orb.
     0 | D:1      | Reached XP level 1. HP: 19/19 MP: 0/0
    99 | D:1      | Reached skill level 3 in Maces & Flails
   105 | D:1      | Reached XP level 2. HP: 16/26 MP: 1/1
   328 | D:1      | Found a faded altar of an unknown god.
   465 | D:1      | Reached skill level 4 in Maces & Flails
   684 | D:1      | Reached XP level 3. HP: 31/31 MP: 2/2
  1010 | D:2      | Reached skill level 5 in Maces & Flails
  1478 | D:3      | Reached XP level 4. HP: 32/39 MP: 3/3
  1919 | D:3      | Reached skill level 6 in Maces & Flails
  2149 | D:3      | Reached XP level 5. HP: 34/45 MP: 4/4
  2195 | D:3      | Identified the +1 chain mail of Eternity {Harm +Inv Will+}
  2447 | D:3      | Reached skill level 7 in Maces & Flails
  2577 | D:4      | Noticed Sigmund
  2584 | D:4      | Killed Sigmund
  2585 | D:4      | Reached skill level 8 in Maces & Flails
  2585 | D:4      | Reached XP level 6. HP: 40/51 MP: 5/5
  2910 | D:4      | Reached skill level 9 in Maces & Flails
  2960 | D:4      | Reached XP level 7. HP: 50/57 MP: 6/6
  3504 | D:5      | Entered Level 5 of the Dungeon
  3531 | D:5      | Reached skill level 10 in Maces & Flails
  3877 | D:5      | Reached skill level 11 in Maces & Flails
  4053 | D:5      | Reached XP level 8. HP: 64/64 MP: 7/7
  4555 | D:5      | Reached skill level 12 in Maces & Flails
  4826 | D:6      | Reached skill level 13 in Maces & Flails
  4830 | D:6      | Found a staircase to the Ecumenical Temple.
  4840 | Temple   | Entered the Ecumenical Temple
  4913 | Temple   | Became a worshipper of Makhleb the Destroyer
  5809 | D:7      | Reached XP level 9. HP: 70/70 MP: 8/8
  5874 | D:7      | Reached skill level 14 in Maces & Flails
  6081 | D:7      | Found Xeir's General Store.
  6094 | D:7      | Bought a potion of might for 48 gold pieces
  6094 | D:7      | Bought a scroll of identify for 24 gold pieces
  6121 | D:6      | Reached * piety under Makhleb
  6143 | D:6      | Reached skill level 5 in Armour
  6294 | D:6      | Noticed a manticore
  6322 | D:6      | Reached skill level 5 in Fighting
  6322 | D:6      | Reached skill level 5 in Shields
  6349 | D:6      | Noticed a gargoyle
  6354 | D:6      | Killed a manticore
  6357 | D:6      | Killed a gargoyle
  6373 | D:6      | Reached XP level 10. HP: 60/84 MP: 9/9
  7073 | D:7      | Found a runed translucent door.
  7074 | D:7      | Noticed Crazy Yiuf
  7095 | D:7      | Reached ** piety under Makhleb
  7115 | D:8      | Reached skill level 1 in Invocations
  7331 | D:8      | Reached skill level 5 in Invocations
  7549 | D:8      | Found a staircase to the Lair.
  7597 | D:8      | Reached skill level 1 in Dodging
  7598 | D:8      | Paralysed by a hornet for 2 turns
  8021 | D:8      | Found a sparkling altar of Nemelex Xobeh.
  8024 | D:8      | Found a broken altar of Ashenzari.
  8027 | D:8      | Found a sacrificial altar of Ru.
  8073 | D:8      | Identified the +0 ring mail "Iqamoeco" {*Slow rN++ Int+10
                  | Stlth-}
  8359 | D:9      | Reached skill level 5 in Dodging
  8359 | D:9      | Reached XP level 11. HP: 91/92 MP: 14/14
  8378 | D:9      | Found a shadowy altar of Dithmenos.
  8540 | D:9      | Reached *** piety under Makhleb
  9172 | D:9      | Noticed Pikel
  9186 | D:9      | Killed Pikel
  9408 | D:10     | Entered Level 10 of the Dungeon
  9422 | D:10     | Found a transporter.
  9423 | D:10     | Identified the +7 giant spiked club of Viny Expedience
                  | {pain, rF+}
  9423 | D:10     | Identified the +7 great mace "Burieh" {drain, rElec rN+}
  9423 | D:10     | Noticed a two-headed ogre
  9423 | D:10     | Noticed Laveh's ghost (novice MiFi)
  9423 | D:10     | Noticed a two-headed ogre
  9424 | D:10     | Noticed a two-headed ogre
  9425 | D:10     | Noticed a two-headed ogre
  9471 | D:10     | Found a glowing golden altar of the Shining One.
  9694 | D:10     | Reached **** piety under Makhleb
  9792 | D:10     | Noticed a two-headed ogre
  9798 | D:10     | Killed a two-headed ogre
  9850 | D:10     | Found a blossoming altar of Fedhas.
 10363 | D:10     | Found a transporter.
 10723 | Lair:1   | Entered Level 1 of the Lair of Beasts
 11049 | Lair:1   | Reached XP level 12. HP: 104/104 MP: 15/15
 11496 | Lair:1   | Noticed a death yak
 11520 | Lair:1   | Killed a death yak
 11761 | Lair:2   | Found a gate leading to a gauntlet.
 11795 | Lair:2   | Identified the +1 scale mail of Cynicism {Rampage rN+
                  | Will+}
 11869 | Gauntlet | Entered a Gauntlet
 11869 | Gauntlet | Found a transporter.
 11869 | Gauntlet | Found a runed translucent door.
 11869 | Gauntlet | Found a transporter.
 11870 | Gauntlet | Found a runed translucent door.
 11871 | Gauntlet | Found a transporter.
 11874 | Gauntlet | Found a transporter.
 11875 | Gauntlet | Found a transporter.
 11875 | Gauntlet | Found a transporter.
 11953 | Gauntlet | Found a runed translucent gate.
 11953 | Gauntlet | Found a runed translucent gate.
 11953 | Gauntlet | Found a runed translucent gate.
 11960 | Gauntlet | Found a transporter.
 11961 | Gauntlet | Found a transporter.
 11964 | Gauntlet | Found a transporter.
 11964 | Gauntlet | Found a transporter.
 12111 | Gauntlet | Reached skill level 10 in Fighting
 12111 | Gauntlet | Reached skill level 10 in Armour
 12111 | Gauntlet | Reached skill level 10 in Shields
 12133 | Gauntlet | Found a transporter.
 12133 | Gauntlet | Found a transporter.
 12248 | Gauntlet | Identified the staff of death "Feocs" {rF+ rC+ rN+ Int+2}
 12248 | Gauntlet | Noticed a minotaur
 12265 | Gauntlet | Slain by a minotaur

Illustrated notes

Levels and vault maps discovered:
D:1:      dpeg_arrival_connections, layout_loops_ring,
          ebering_ecumenical_altar_mist, grunt_decor_resistance
D:2:      layout_rooms, minmay_surrounded
D:3:      minmay_octagon_keep, layout_basic, kennysheep_generic_room_7
D:4:      kennysheep_kobold_camp, layout_basic, uniq_sigmund
D:5:      nicolae_cairo_tiling_large, layout_basic
D:6:      minmay_klotski, layout_basic, minmay_temple_entry_waves
D:7:      layout_basic, serial_shops, shop, uniq_crazy_yiuf_cottage
D:8:      layout_rooms, grunt_temple_overflow_diamond, minmay_lair_entry_grove
D:9:      layout_roguey, lemuel_crystal_altar, chequers_serial_rivers_large_a,
          uniq_pikel
D:10:     kennysheep_six_static_rooms, layout_loops_corners, old_standard_altar,
          lemuel_round_altar, gammafunk_ghost_smash, solitary_fountain,
          kennysheep_big_empty_room, the_hattery
Temple:   eino_temple_rhombus
Lair:1:   layout_small_grid, grunt_forest_small_clearing_treed,
          infiniplex_staircase_pool_2, grunt_megastairs_2
Lair:2:   dreamdust_isle_of_ice, layout_chaotic_city, gauntlet_entry_generic
Gauntlet: minmay_gauntlet_77_indecision [minmay_gauntlet_arena_77_double_cross,
          minmay_gauntlet_arena_77_cramped, minmay_gauntlet_arena_77_mess,
          minmay_gauntlet_arena_77_run_for_it, minmay_gauntlet_arena_77_mirror,
          minmay_gauntlet_arena_77_squiggly, dreamdust_gauntlet_exit_labyrinth]

Skill      XL: |  1  2  3  4  5  6  7  8  9 10 11 12 |
---------------+-------------------------------------+-----
Maces & Flails | 3 4 5 6 8 9 11 13 14 | 14.0
Fighting       | 6 7 9 10 | 10.0
Armour         | 6 7 8 10 | 10.0
Shields        | 6 7 9 10 | 10.0
Invocations    | 6 8 |  8.0
Dodging        | 5 9 |  9.3

Action                     |  1- 3 |  4- 6 |  7- 9 | 10-12 || total
---------------------------+-------+-------+-------+-------++-------
  Melee: Flail             |    96 |    87 |   142 |   700 ||  1025
         Headbutt          |    10 |    20 |    51 |   156 ||   237
         Whip              |       |    61 |   167 |       ||   228
 Invoke: Lesser Servant of |       |       |       |     5 ||     5
  Evoke: Wand              |       |       |     1 |       ||     1
    Use: Scroll            |     4 |     3 |     7 |     2 ||    16
         Potion            |       |       |     1 |     7 ||     8
   Stab: Distracted        |       |       |       |     1 ||     1
 Armour: Scale mail        |    27 |       |       |       ||    27
         Acid dragon scale |     3 |    43 |    68 |    76 ||   190
         Chain mail        |       |       |       |   114 ||   114
         Plate armour      |       |       |       |     9 ||     9
  Dodge: Dodged            |    44 |    51 |    98 |   205 ||   398
  Block: Buckler           |    22 |    32 |    56 |   138 ||   248
